 Dungeon Crawl Stone Soup version 0.29-a0-106-g0a07039d5a (webtiles) character file.

Game seed: 5181000264624532544

192 kae the Insei (level 5, -3/41 HPs)
             Began as a Draconian Transmuter on Feb 16, 2022.
             Killed from afar by an orc (13 damage)
             ... with an iceblast
             ... on level 3 of the Dungeon.
             The game lasted 00:01:32 (2931 turns).

kae the Insei (Draconian Transmuter)                Turns: 2931, Time: 00:01:32

Health: -3/41      AC:  2    Str: 12    XL:     5   Next: 42%
Magic:  5/8        EV: 19    Int: 15    God:
Gold:   46         SH:  0    Dex: 17    Spells: 5/9 levels left

rFire   . . .      SeeInvis .     - Unarmed
rCold   . . .      Faith    .   (shield currently unavailable)
rNeg    . . .      Spirit   .   (armour unavailable)
rPois   x          Reflect  .   (helmet currently unavailable)
rElec   .          Harm     .   (cloak currently unavailable)
rCorr   .          Rampage  .   (gloves currently unavailable)
Will    .....                   (boots currently unavailable)
Stlth   ++........              (no amulet)
HPRegen 0.13/turn               a - ring of flight
MPRegen 0.11/turn               (no ring)

@: spider-form (expiring), flying
A: venomous fangs, AC +5, tiny, unfitting armour, (cold-blooded)
a: End Transformation


You were on level 3 of the Dungeon.
You were a venomous arachnid creature.
You visited 1 branch of the dungeon, and saw 3 of its levels.

You collected 127 gold pieces.
You spent 81 gold pieces at shops.

Inventory:

Jewellery
 a - a ring of flight (left front leg)
 m - an amulet of regeneration
Scrolls
 e - a scroll of magic mapping {unknown}
 f - a scroll of enchant armour {unknown}
 g - a scroll of teleportation {unknown}
 j - a scroll of noise {unknown}
 k - a scroll of fog {unknown}
 l - 2 scrolls of identify
Potions
 b - a potion of resistance
 c - 3 potions of heal wounds {unknown}
 d - a potion of attraction
 h - a potion of ambrosia {unknown}
 i - a potion of invisibility {unknown}
 n - a potion of curing {unknown}
 o - a potion of flight {unknown}


   Skills:
 + Level 2.2 Fighting
 + Level 2.4 Dodging
 * Level 4.1 Unarmed Combat
 + Level 2.5 Spellcasting
 * Level 3.1 Transmutations
 * Level 1.6 Poison Magic


You had 5 spell levels left.
You knew the following spells:

 Your Spells              Type           Power      Damage    Failure   Level
a - Beastly Appendage     Tmut           22%        N/A       17%         1
b - Spider Form           Tmut/Pois      9%         N/A       45%         3

Your spell library contained the following spells:

 Spells                   Type           Power      Damage    Failure   Level
 Wereblood                Tmut           11%        N/A       22%         2
 Ice Form                 Ice/Tmut       6%         N/A       88%         4
 Passage of Golubria      Tloc           1%         N/A       98%         4
 Silence                  Hex/Air        0%         N/A       100%        5
 Lehudib's Crystal Spear  Conj/Erth      0%         10d2      100%        8


Dungeon Overview and Level Annotations

Branches:
Dungeon (3/15)

Altars:

Shops:
D:2 *


Innate Abilities, Weirdness & Mutations

You are a venomous arachnid creature.
You have poisonous fangs.
You are tiny and dextrous.
Your spellcasting is less reliable in this form.
Your armour is entirely melded.
You are incapable of wielding weapons or throwing items.
((Your plain brown scales are hard. (AC +5)))
You cannot fit into any form of body armour.
((You are cold-blooded and may be slowed by cold attacks.))


Message History

You fly upwards.
There is a stone staircase leading down here.
You start resting.
Magic restored.
HP restored.
Casting: Spider Form (quite dangerous; 24% risk of failure)
Confirm with . or Enter, or press ? or * to list all spells.
The spell is quite dangerous to miscast (24% risk of failure)!
Continue anyway? [Y]es or [N]o only, please.
The spell is quite dangerous to miscast (24% risk of failure)!
Continue anyway?
You turn into a venomous arachnid creature.
You fly downwards.
The orc hits you with a +0 club.
The orc zaps a wand.
The mass of ice explodes!
The iceblast engulfs you!
The iceblast engulfs the orc!
The orc dies!
There is a stone staircase leading up here.
You fly upwards.
Your transformation is almost over.
There is a stone staircase leading down here.
You start resting.
Your transformation has ended.
You start resting.
Magic restored.
HP restored.
Casting: Spider Form (quite dangerous; 24% risk of failure)
Confirm with . or Enter, or press ? or * to list all spells.
The spell is quite dangerous to miscast (24% risk of failure)!
Continue anyway? [Y]es or [N]o only, please.
The spell is quite dangerous to miscast (24% risk of failure)!
Continue anyway?
You turn into a venomous arachnid creature.
You fly downwards.
Your transformation is almost over.
The orc zaps a wand.
The mass of ice explodes!
The iceblast engulfs you!
There is a stone staircase leading up here.
The orc zaps a wand.
The mass of ice explodes!
The iceblast engulfs you!!
* * * LOW HITPOINT WARNING * * *
The orc barely misses you.
You barely miss the orc.
The orc zaps a wand.
The mass of ice explodes!
The iceblast engulfs you!
You die...

#.. #..... .....#
.#..####..####### #.##.#
#####.#.)>...........# #.##.#
##.............#####.####.##.#
......##..##...#####.......#.#
...........(...o.............#
##.#..##..........#..####....####
##.#..##.###...##....# #........
...#..##.###...os.<..# #...#####
..............####[#.# #...# #
#.##..##.####.# #.#.# #...#####
#.###.# #.# (...# #.........
#.###.# .. ............#####
...##.# .#..>####.##.# # ......#
##.## #. #.# # ...##.# #.. #.##.#
# #(....# ###.##.#####


You could see an orc.

Vanquished Creatures
  Jessica (D:2)
  Natasha (thrice) (D:2)
  3 adders
  2 dart slugs (D:1)
  4 orcs
  8 ball pythons
  2 bats (D:1)
  4 endoplasms
  A giant cockroach (D:3)
  6 goblins
  5 hobgoblins
  5 kobolds
  6 quokkas
  2 frilled lizards
  4 rats
56 creatures vanquished.

Vanquished Creatures (others)
  An orc (D:3)
  A plant (D:1)
  5 withered plants (D:1)
7 creatures vanquished.

Grand Total: 63 creatures vanquished

Notes
Turn   | Place    | Note
-------+----------+-------------------------------------------
     0 | D:1      | kae the Draconian Transmuter began the quest for the Orb.
     0 | D:1      | Reached XP level 1. HP: 16/16 MP: 3/3
   215 | D:1      | Reached XP level 2. HP: 19/23 MP: 3/5
   434 | D:1      | Found a faded altar of an unknown god.
   931 | D:1      | Reached XP level 3. HP: 24/28 MP: 6/6
   935 | D:1      | Learned a level 3 spell: Spider Form
  1166 | D:2      | Noticed Jessica
  1175 | D:2      | Killed Jessica
  1415 | D:2      | Reached XP level 4. HP: 27/36 MP: 5/7
  1572 | D:2      | Noticed Natasha
  1583 | D:2      | Killed Natasha
  1584 | D:2      | Reached skill level 1 in Poison Magic
  1688 | D:2      | Noticed Natasha
  1863 | D:2      | Killed Natasha
  1864 | D:2      | Reached XP level 5. HP: 15/41 MP: 3/8
  2167 | D:2      | Noticed Natasha
  2176 | D:2      | Killed Natasha
  2177 | D:2      | Reached skill level 4 in Unarmed Combat
  2312 | D:2      | Found Itonaace's Assorted Antiques.
  2320 | D:2      | Bought a bubbling dark potion for 25 gold pieces
  2320 | D:2      | Bought a scroll labelled ATWAD OBRIGOUCH for 28 gold pieces
  2320 | D:2      | Bought a scroll labelled TUITRA ZYRUIH for 28 gold pieces
  2931 | D:3      | Killed from afar by an orc

Illustrated notes

Levels and vault maps discovered:
D:1:      dpeg_arrival_arbitrary_c, layout_rooms,
          shapermc_ecumenical_altar_flowoftime, minmay_pentomino_x2
D:2:      layout_loops_ring, serial_shops, nicolae_shop_waterfront,
          guppyfry_early_orc_mine, uniq_natasha, uniq_jessica
D:3:      layout_loops_ring, ebering_ghost_rock_garden, kennysheep_pointless_box

Skill      XL: |  1  2  3  4  5 |
---------------+----------------+-----
Dodging        | 2 |  2.4
Fighting       | 2 |  2.2
Poison Magic   | 1 |  1.6
Transmutations | 3 |  3.1
Unarmed Combat | 4 |  4.1
Spellcasting   | |  2.5

Action                   |  1- 3 |  4- 6 || total
-------------------------+-------+-------++-------
Melee: Unarmed           |    92 |    79 ||   171
       Kick              |    18 |     8 ||    26
       Tailslap          |    15 |     2 ||    17
       Headbutt          |     9 |     7 ||    16
       Punch             |     2 |     1 ||     3
 Cast: Beastly Appendage |    22 |    14 ||    36
       Spider Form       |     1 |     5 ||     6
  Use: Scroll            |     2 |       ||     2
Armor: Skin              |    25 |    18 ||    43
Dodge: Dodged            |    42 |    57 ||    99

Table legend: (Time is in decaauts)
 A = Elapsed time spent in this place.
 B = Non-inter-level travel time spent in this place.
 C = Inter-level travel time spent in this place.
 D = Time resting spent in this place.
 E = Time spent auto-exploring this place.
 F = Levels seen in this place.
 G = Mean time per level.
                   A        B        C        D        E       F      G
               +--------+--------+--------+--------+--------+-----+--------+
         Total |   2923 |   2882 |     41 |    749 |   1664 |   3 |  974.3 |
       Dungeon |   2923 |   2882 |     41 |    749 |   1664 |   3 |  974.3 |
               +--------+--------+--------+--------+--------+-----+--------+

Top non-repeatable levels by time:
     D:2: 1461 daAuts
     D:1: 1158 daAuts
     D:3: 303 daAuts
